 Dungeon Crawl Stone Soup version 0.28-a0-1435-g82390b3a13 (webtiles) character file.

Game seed: 10619387961638736415

162 hashsling the Stinger (level 5, -1/35 HPs)
             Began as a Merfolk Venom Mage on Jan 9, 2022.
             Was an Initiate of Gozag.
             Slain by Crazy Yiuf (6 damage)
             ... on level 2 of the Dungeon.
             The game lasted 00:16:27 (2957 turns).

hashsling the Stinger (Merfolk Venom Mage)          Turns: 2957, Time: 00:16:28

Health: -1/35      AC:  2    Str: 14    XL:     5   Next: 43%
Magic:  0/9        EV: 12    Int: 16    God:    Gozag
Gold:   278        SH:  5    Dex: 15    Spells: 2/9 levels left

rFire   . . .      SeeInvis .   g - +0 spear
rCold   . . .      Faith    .   (no shield)
rNeg    . . .      Spirit   .   f - +0 robe
rPois   .          Reflect  +   (no helmet)
rElec   .          Harm     .   (no cloak)
rCorr   .          Rampage  .   (no gloves)
Will    .....                   (no boots)
Stlth   ++........              i - amulet of reflection
HPRegen 0.11/turn               a - +6 ring of strength
MPRegen 0.11/turn               (no ring)

@: lethally poisoned (-1 -> -9)
A: (nimble swimmer 2), mertail
a: Renounce Religion, Potion Petition, Call Merchant, Bribe Branch


You were on level 2 of the Dungeon.
You worshipped Gozag.
Gozag was aware of your devotion.
You visited 1 branch of the dungeon, and saw 2 of its levels.

You collected 278 gold pieces.

Inventory:

Hand Weapons
 g - a +0 spear (weapon)
 h - a +1 dagger of freezing
Missiles
 d - 65 stones
Armour
 f - a +0 robe (worn)
Jewellery
 a - a +6 ring of strength (left hand)
 i - an amulet of reflection (around neck)
Potions
 b - a potion of haste {unknown}
 c - 2 potions of curing
 e - 4 potions of flight
 k - a potion of invisibility {unknown}
 m - a potion of brilliance {unknown}


   Skills:
 + Level 3.3 Polearms
 - Level 2.6 Dodging
 - Level 2.1 Stealth
 + Level 2.9 Spellcasting
 - Level 2.0 Transmutations
 * Level 5.1 Poison Magic


You had 2 spell levels left.
You knew the following spells:

 Your Spells              Type           Power      Damage    Failure   Level
a - Sting                 Tmut/Pois      52%        1d5       4%          1
b - Olgreb's Toxic Radia  Pois           18%        N/A       22%         4
q - Poisonous Vapours     Pois/Air       20%        N/A       10%         2

Your spell library contained the following spells:

 Spells                   Type           Power      Damage    Failure   Level
 Corpse Rot               Necr/Air       4%         N/A       28%         2
 Mephitic Cloud           Conj/Pois/Air  7%         N/A       28%         3
 Gell's Gravitas          Tloc           2%         N/A       50%         3
 Lesser Beckoning         Tloc           2%         N/A       50%         3
 Teleport Other           Tloc           2%         N/A       50%         3


Dungeon Overview and Level Annotations

Branches:
Dungeon (2/15)

Altars:
Gozag
Makhleb

Annotations:
D:2 Crazy Yiuf


Innate Abilities, Weirdness & Mutations

((You are very nimble when in or above water. (Stealth+, EV+, Speed+++)))
Your lower body shifts to a powerful aquatic tail in water.


Message History

Crazy Yiuf is lightly wounded.
Crazy Yiuf closely misses you.
Casting: Sting (safe; 4% risk of failure)
Confirm with . or Enter, or press ? or * to list all spells.
Aiming: Sting (safe; 4% risk of failure)
Press: ? - help, Shift-Dir - straight line, f/p - Crazy Yiuf
Aim: Crazy Yiuf, wielding a +4 quarterstaff of chaos and wearing a +1 cloak (lightly wounded, poisoned, 75% to hit)
The sting misses Crazy Yiuf.
You block Crazy Yiuf's attack.
Casting: Sting (safe; 4% risk of failure)
Confirm with . or Enter, or press ? or * to list all spells.
Aiming: Sting (safe; 4% risk of failure)
Press: ? - help, Shift-Dir - straight line, f/p - Crazy Yiuf
Aim: Crazy Yiuf, wielding a +4 quarterstaff of chaos and wearing a +1 cloak (moderately wounded, poisoned, 75% to hit)
The sting hits Crazy Yiuf.
Crazy Yiuf looks even sicker.
Crazy Yiuf is moderately wounded.
Crazy Yiuf hits you with a +4 quarterstaff of chaos!
You feel your power leaking away.
You hit Crazy Yiuf.
Crazy Yiuf is heavily wounded.
Crazy Yiuf hits you with a +4 quarterstaff of chaos!
You are poisoned.
You barely miss Crazy Yiuf.
Crazy Yiuf is heavily wounded.
You feel very sick.
Crazy Yiuf hits you with a +4 quarterstaff of chaos!
* * * LOW HITPOINT WARNING * * *
Crazy Yiuf draws strength from your wounds!
Casting: Sting (safe; 4% risk of failure)
Confirm with . or Enter, or press ? or * to list all spells.
Aiming: Sting (safe; 4% risk of failure)
Press: ? - help, Shift-Dir - straight line, f/p - Crazy Yiuf
Aim: Crazy Yiuf, wielding a +4 quarterstaff of chaos and wearing a +1 cloak (heavily wounded, very poisoned, 75% to hit)
The sting hits Crazy Yiuf.
Crazy Yiuf looks even sicker.
Crazy Yiuf is heavily wounded.
* * * LOW HITPOINT WARNING * * *
You feel very sick.
Crazy Yiuf yells, "Papa childish wrapper!"
Crazy Yiuf hits you with a +4 quarterstaff of chaos.
You die...
Your body crumbles into a pile of gold.

#.......#......#.##.
####.#########......
#.# #......... ###
######.##. #.##. #....
###** ♣♣######.##.
#)..#♣♣ ♣....##...#.
#...g@♣♣♣♣♣.....#.#...
#...#♣..♣............#
###**♣♣♣.♣....####.#.#
♣♣♣♣♣### #.... ###
###.# ### ### #.# #(#
#.######.#####.# #.#
#.#............#####.#
#.#.##.#..#..........#


You could see Crazy Yiuf (very poisoned).

Vanquished Creatures
  Jessica (D:2)
  Natasha (thrice) (D:2)
  A gnoll (D:1)
  An adder (D:2)
  A dart slug (D:1)
  7 bats
  2 endoplasms
  2 giant cockroaches (D:1)
  4 goblins
  3 hobgoblins
  4 kobolds (D:1)
  3 quokkas
  5 ball pythons (D:1)
  2 frilled lizards (D:2)
  A rat (D:1)
40 creatures vanquished.

Notes
Turn   | Place    | Note
-------+----------+-------------------------------------------
     0 | D:1      | hashsling the Merfolk Venom Mage began the quest for the
                  | Orb.
     0 | D:1      | Reached XP level 1. HP: 13/13 MP: 3/3
   192 | D:1      | Found a faded altar of an unknown god.
   198 | D:1      | Prayed at the altar of an unknown god.
   198 | D:1      | Became a worshipper of Gozag Ym Sagoz the Greedy
   350 | D:1      | Reached XP level 2. HP: 19/19 MP: 3/5
   886 | D:1      | Reached skill level 1 in Polearms
   897 | D:1      | Reached skill level 4 in Poison Magic
  1095 | D:1      | Reached XP level 3. HP: 22/24 MP: 4/6
  1098 | D:1      | Learned a level 2 spell: Poisonous Vapours
  1775 | D:2      | Found a burning altar of Makhleb.
  1794 | D:2      | Noticed Natasha
  1804 | D:2      | Killed Natasha
  1805 | D:2      | Reached XP level 4. HP: 18/30 MP: 0/7
  2070 | D:2      | Noticed Natasha
  2079 | D:2      | Killed Natasha
  2086 | D:2      | Noticed Natasha
  2195 | D:2      | Killed Natasha
  2196 | D:2      | Reached XP level 5. HP: 35/35 MP: 2/9
  2384 | D:2      | Found a runed translucent door.
  2385 | D:2      | Noticed Crazy Yiuf
  2557 | D:2      | Noticed Jessica
  2566 | D:2      | Killed Jessica
  2567 | D:2      | Reached skill level 5 in Poison Magic
  2951 | D:2      | Learned a level 4 spell: Olgreb's Toxic Radiance
  2957 | D:2      | Slain by Crazy Yiuf

Illustrated notes

Levels and vault maps discovered:
D:1:      minmay_arrival_five_plusses, layout_loops_corners,
          dreamdust_ecumenical_altar_angels_and_demons, kennysheep_another_room,
          minmay_shallow_snake_nest
D:2:      layout_loops_cross, basic_altar, uniq_natasha, uniq_jessica,
          uniq_crazy_yiuf_cottage

Skill      XL: |  1  2  3  4  5 |
---------------+----------------+-----
Polearms       | 1 2 3 |  3.3
Poison Magic   | 4 5 |  5.1
Transmutations | 2 |  2.0
Dodging        | |  2.6
Stealth        | |  2.1
Spellcasting   | |  2.9

Action                   |  1- 3 |  4- 6 || total
-------------------------+-------+-------++-------
Melee: Unarmed           |     1 |       ||     1
       Spear             |    33 |    17 ||    50
       Punch             |     1 |       ||     1
Throw: Stone             |     1 |       ||     1
 Cast: Sting             |    40 |    16 ||    56
       Poisonous Vapours |     5 |     7 ||    12
  Use: Scroll            |     2 |     2 ||     4
Armor: Robe              |     3 |     1 ||     4
Dodge: Dodged            |    14 |     4 ||    18
Block: Other             |     2 |     1 ||     3

Table legend: (Time is in decaauts)
 A = Elapsed time spent in this place.
 B = Non-inter-level travel time spent in this place.
 C = Inter-level travel time spent in this place.
 D = Time resting spent in this place.
 E = Time spent auto-exploring this place.
 F = Levels seen in this place.
 G = Mean time per level.
                   A        B        C        D        E       F      G
               +--------+--------+--------+--------+--------+-----+--------+
         Total |   2966 |   2926 |     40 |      0 |   2490 |   2 | 1483.0 |
       Dungeon |   2966 |   2926 |     40 |      0 |   2490 |   2 | 1483.0 |
               +--------+--------+--------+--------+--------+-----+--------+

Top non-repeatable levels by time:
     D:1: 1540 daAuts
     D:2: 1426 daAuts
